[Event "Titled Tuesday Blitz April 26 Late 2022"]
[White "Bellissimo, Joseph F."]
[Black "Miszler, Levente"]
[WhiteFideId "2609843"]
[BlackFideId "763276"]
[WhiteElo "2061"]
[BlackElo "1966"]
[Result "0-1"]
[Round "05"]
[TimeControl "180+1"]
[Date "2022.04.26"]
[WhiteClock "0:00:52"]
[BlackClock "0:00:17"]

1. e4 e6 2. d4 d5 3. Nd2 f5 4. exf5 exf5 5. Ngf3 Nf6 6. Bd3 Bd6 7. O-O O-O 8. c4 c6 9. cxd5 cxd5 10. Ne5 Ne4 11. Qb3 Bxe5 12. dxe5 Kh8 13. f3 Nc5 14. Qc2 Nxd3 15. Qxd3 f4 16. b3 Nc6 17. Bb2 Bf5 18. Qe2 Re8 19. Rfe1 d4 20. Nc4 d3 21. Qd2 Bg6 22. Nd6 Re6 23. Qxf4 Qb6+ 24. Kh1 Qb4 25. Qe3 Rd8 26. Qg5 Rdxd6 27. a3 Qa5 28. b4 Qb5 29. exd6 Qxg5 30. Rxe6 Qd5 31. Rae1 d2 32. d7 dxe1=Q+ 33. Rxe1 Qxd7 34. h3 h6 35. Re2 Qd1+ 36. Kh2 Qxe2 37. Bc3 Ne7 38. Bd4 Nd5 39. Kg3 Ne3 40. Kf4 Nxg2+ 41. Kg3 Ne1 42. Kf4 Qxf3+ 43. Ke5 Qe4+ 44. Kd6 Qxd4+ 45. Kc7 Be4 46. h4 Qb6+ 47. Kd7 Qc6+ 48. Kd8 Bf5 49. Ke7 Qe6+ 50. Kf8 Bg6 51. h5 Bxh5 52. b5 Bg6 53. b6 a5 54. a4 Qe8# 0-1


[Site "https://www.chess.com"]

[Event "Titled Tuesday Blitz April 26 Late 2022"]
[White "Bortnyk, Olexandr"]
[Black "Leiva, Gianmarco"]
[WhiteFideId "14120828"]
[BlackFideId "3804399"]
[WhiteElo "2723"]
[BlackElo "2323"]
[Result "1-0"]
[Round "05"]
[TimeControl "180+1"]
[Date "2022.04.26"]
[WhiteClock "0:00:15"]
[BlackClock "0:00:02"]

1. d4 Nf6 2. Nc3 d5 3. Bf4 c5 4. e4 Nxe4 5. Nxe4 dxe4 6. dxc5 Qa5+ 7. Qd2 Qxd2+ 8. Bxd2 e5 9. Be3 Bd7 10. f3 exf3 11. Nxf3 f6 12. O-O-O Bc6 13. b4 Nd7 14. Nd2 a6 15. Nc4 O-O-O 16. h4 Be7 17. Nd6+ Bxd6 18. cxd6 b5 19. c4 bxc4 20. Bxc4 Kb7 21. Kb2 Nb6 22. Bb3 Bb5 23. Bc5 Ba4 24. Bxb6 Bxb3 25. Bxd8 Bxd1 26. Bxf6 gxf6 27. Rxd1 Kc8 28. d7+ Kd8 29. Rd6 Ke7 30. Rxa6 Rg8 31. d8=Q+ Rxd8 32. Ra7+ Ke6 33. b5 Rd2+ 34. Kc3 Rxg2 35. b6 Rg1 36. a4 Rb1 37. a5 f5 38. b7 f4 39. a6 f3 40. Ra8 f2 41. Rf8 1-0


[Site "https://www.chess.com"]

[Event "Titled Tuesday Blitz April 26 Late 2022"]
[White "Bryakin, Mikhail"]
[Black "Sarkar, Justin"]
[WhiteFideId "4165314"]
[BlackFideId "2010011"]
[WhiteElo "2417"]
[BlackElo "2038"]
[Result "1-0"]
[Round "05"]
[TimeControl "180+1"]
[Date "2022.04.26"]
[WhiteClock "0:02:13"]
[BlackClock "0:00:01"]

1. e4 e5 2. d4 exd4 3. Qxd4 Nc6 4. Qd3 Nf6 5. Nc3 Bb4 6. Bd2 O-O 7. O-O-O Re8 8. f3 Ne5 9. Qb5 a5 10. a3 c6 11. Qe2 Bxc3 12. Bxc3 b5 13. f4 Nc4 14. e5 Nd5 15. Bd2 d6 16. Nf3 dxe5 17. fxe5 Bg4 18. Qf2 Nxe5 19. Be2 Nxf3 20. Bxf3 Bxf3 21. Qxf3 b4 22. a4 Qd7 23. Rhf1 Re6 24. Bg5 h6 25. Bh4 Rae8 26. Bf2 Rf6 27. Qg3 Re4 28. Bc5 Qe6 29. Qd3 Rxf1 30. Qxf1 Ne3 31. Bxe3 Rxe3 32. Qa6 Kh7 33. Qxa5 Re1 34. Qxb4 Qe3+ 35. Qd2 1-0


[Site "https://www.chess.com"]

[Event "Titled Tuesday Blitz April 26 Late 2022"]
[White "Burke, Paul"]
[Black "Jegorovas, Aleksandras"]
[WhiteFideId "2605767"]
[BlackFideId "12801950"]
[WhiteElo "1871"]
[BlackElo "2247"]
[Result "0-1"]
[Round "05"]
[TimeControl "180+1"]
[Date "2022.04.26"]
[WhiteClock "0:01:23"]
[BlackClock "0:01:27"]

1. e4 e6 2. d4 d5 3. e5 c5 4. Qg4 cxd4 5. Nf3 Nc6 6. Bd3 f5 7. Qg3 Qc7 8. O-O Nge7 9. h4 Ng6 10. h5 Ngxe5 11. Nxe5 Qxe5 12. Bf4 Qf6 13. Bg5 Qf7 14. c3 Be7 15. Bxe7 Qxe7 16. cxd4 Nxd4 17. Nc3 O-O 18. Rfe1 Qf6 19. Qc7 Rf7 20. Qa5 b6 21. Qa4 Bd7 22. Qd1 Qg5 23. Bf1 Qf6 24. Rc1 Rff8 25. a3 Rac8 26. b4 Rxc3 27. Rxc3 Ne2+ 0-1


[Site "https://www.chess.com"]

[Event "Titled Tuesday Blitz April 26 Late 2022"]
[White "Butti, Enrique"]
[Black "Manukyan, Sargis A."]
[WhiteFideId "3700470"]
[BlackFideId "13303970"]
[WhiteElo "2080"]
[BlackElo "2187"]
[Result "0-1"]
[Round "05"]
[TimeControl "180+1"]
[Date "2022.04.26"]
[WhiteClock "0:00:47"]
[BlackClock "0:00:46"]

1. d4 d5 2. c4 e6 3. Nf3 Nf6 4. e3 Be7 5. Nc3 O-O 6. b3 b6 7. Bb2 Bb7 8. Bd3 Nbd7 9. O-O Ne4 10. Qe2 f5 11. Rfd1 a6 12. Na4 g5 13. cxd5 exd5 14. Ne5 g4 15. f3 gxf3 16. gxf3 Nxe5 17. dxe5 Nc5 18. Nxc5 Bxc5 19. f4 Kh8 20. Bd4 Bxd4 21. exd4 c5 22. Kh1 Qh4 23. Qe3 c4 24. Be2 Rg8 25. Rg1 b5 26. Bf3 Qh3 27. e6 Rg6 28. e7 Re8 29. Rxg6 hxg6 30. Rg1 Kh7 31. Rg3 Qf1+ 32. Rg1 Qh3 33. bxc4 dxc4 34. Rg3 Qf1+ 0-1


[Site "https://www.chess.com"]

[Event "Titled Tuesday Blitz April 26 Late 2022"]
[White "Chigaev, Maksim"]
[Black "Martinez Alcantara, Jose Eduardo"]
[WhiteFideId "4108116"]
[BlackFideId "3805662"]
[WhiteElo "2478"]
[BlackElo "2690"]
[Result "1-0"]
[Round "05"]
[TimeControl "180+1"]
[Date "2022.04.26"]
[WhiteClock "0:00:05"]
[BlackClock "0:00:03"]

1. d4 Nf6 2. c4 e6 3. Nf3 Bb4+ 4. Nbd2 b6 5. g3 Bb7 6. Bg2 O-O 7. O-O a5 8. b3 h6 9. Bb2 Bxd2 10. Qxd2 Be4 11. Rae1 d6 12. Bh3 Nbd7 13. Nh4 d5 14. f3 Bh7 15. cxd5 exd5 16. a4 Re8 17. Rc1 c5 18. Rfe1 Qe7 19. e3 Rad8 20. Nf5 Bxf5 21. Bxf5 Qd6 22. Bd3 Rc8 23. Bb5 Red8 24. Red1 Qe6 25. Kg2 Nh7 26. g4 Nhf6 27. h3 Rc7 28. Bd3 Qe7 29. Bf5 Re8 30. Re1 Qd8 31. Bd3 Qe7 32. Bb5 Rd8 33. Ba3 Qe6 34. dxc5 Nxc5 35. Bxc5 bxc5 36. Qxa5 Rdc8 37. Ba6 h5 38. Bxc8 Rxc8 39. Rxc5 hxg4 40. Rxc8+ Qxc8 41. hxg4 Qc2+ 42. Kg3 Qxb3 43. Qd8+ Kh7 44. Qd6 Qxa4 45. Qf4 Qb3 46. Rh1+ Kg8 47. Rc1 Qb7 48. Qe5 Qa6 49. Rb1 Nd7 50. Qxd5 Nf8 51. Qe5 Qa2 52. Rb8 Qa3 53. Rc8 Qb4 54. Qc5 Qe1+ 55. Kf4 Kh7 56. Qxf8 Qa5 57. Qg8+ Kg6 58. Rc6+ f6 59. Qe8+ Kh7 60. Qh5+ Kg8 61. Rc8+ 1-0


[Site "https://www.chess.com"]

[Event "Titled Tuesday Blitz April 26 Late 2022"]
[White "Chuemsakul, Sarocha"]
[Black "Pesotskiy, Mikhail"]
[WhiteFideId "6203710"]
[BlackFideId "34164453"]
[WhiteElo "1703"]
[BlackElo "2010"]
[Result "1/2-1/2"]
[Round "05"]
[TimeControl "180+1"]
[Date "2022.04.26"]
[WhiteClock "0:00:08"]
[BlackClock "0:00:10"]

1. d4 Nf6 2. c4 e6 3. Nf3 Bb4+ 4. Bd2 a5 5. g3 b6 6. Bg2 Bb7 7. O-O O-O 8. b3 Bxd2 9. Nbxd2 d6 10. Qc2 Nbd7 11. e4 e5 12. d5 Nc5 13. a3 Qe7 14. b4 Ncd7 15. Rac1 axb4 16. axb4 Ra3 17. Ra1 Rfa8 18. Rxa3 Rxa3 19. Qb2 Ra8 20. Ra1 Qe8 21. Ra3 Kf8 22. Qa2 Rxa3 23. Qxa3 Qa8 24. Qxa8+ Bxa8 25. Ne1 Ke7 26. Nd3 c6 27. Kf1 cxd5 28. cxd5 Ne8 29. Nb1 Bb7 30. Nc3 Nc7 31. Ke1 Ba6 32. Nb2 Nb8 33. Nba4 b5 34. Nb6 Nd7 35. Nxd7 Kxd7 36. Bf1 Kc8 37. Bd3 Kb7 38. Kd2 Kb6 39. Ke3 Bc8 40. f4 f6 41. f5 Bd7 42. Kd2 Na6 43. Na2 Kb7 44. Kc3 Kc8 45. Nc1 Kd8 46. Ne2 Ke7 47. g4 Kf7 48. Ng1 g6 49. Nf3 Kg7 50. g5 Nc7 51. gxf6+ Kxf6 52. fxg6 hxg6 53. Kd2 Bg4 54. Ne1 Kg5 55. Ke3 Kh4 56. Bf1 Bh3 57. Be2 Bg4 58. Bf1 g5 59. Nc2 Bd7 60. Na3 g4 61. Kf2 Na6 62. Bxb5 Bxb5 63. Nxb5 Nxb4 64. Nxd6 Kg5 65. Nc4 Kf4 66. Nd2 Nd3+ 67. Ke2 Nc5 68. d6 Kg5 69. Ke3 Kf6 70. Nc4 Ke6 71. Nb6 Kxd6 72. Nc4+ Ke6 73. Nd2 Kf6 74. Nc4 Nd7 75. Nd6 Kg5 76. Nf5 Nf6 77. Nd6 Kh4 78. Nf7 Nd7 79. Kf2 Kh3 80. Kg1 g3 81. hxg3 Kxg3 82. Kf1 Kf3 83. Nxe5+ Nxe5 84. Ke1 Ke3 85. Kd1 Nd3 86. Kc2 Ne5 87. Kc3 Kxe4 1/2-1/2


[Site "https://www.chess.com"]

[Event "Titled Tuesday Blitz April 26 Late 2022"]
[White "De Souza, Cristiano Gomes"]
[Black "Sliwicka, Alicja"]
[WhiteFideId "2151758"]
[BlackFideId "1150677"]
[WhiteElo "2068"]
[BlackElo "2120"]
[Result "1-0"]
[Round "05"]
[TimeControl "180+1"]
[Date "2022.04.26"]
[WhiteClock "0:00:38"]
[BlackClock "0:00:10"]

1. d4 Nf6 2. c4 c5 3. d5 b5 4. cxb5 a6 5. bxa6 g6 6. Nc3 Bg7 7. g3 O-O 8. Bg2 d6 9. Nf3 Nbd7 10. O-O Nb6 11. Re1 Bxa6 12. e4 Nc4 13. Rb1 Qa5 14. Qc2 Nd7 15. Nd2 Na3 16. bxa3 Qxc3 17. Qxc3 Bxc3 18. Re3 Bd4 19. Reb3 Ne5 20. Bf1 c4 21. Rb4 Bc5 22. Rxc4 Bxc4 23. Nxc4 Nxc4 24. Bxc4 Bxa3 25. Bh6 Rfc8 26. Bb5 Rc2 27. Bc6 Rc8 28. Be3 Rb2 29. Rxb2 Bxb2 30. a4 e5 31. a5 Bd4 32. Bxd4 exd4 33. a6 Rc7 34. Kf1 Kf8 35. Ke2 Ke7 36. Kd3 Kd8 37. Kxd4 Kc8 38. f4 Kb8 39. e5 Ka7 40. exd6 Rc8 41. Kc5 Kxa6 42. d7 Rd8 43. Kd6 Kb6 44. Ke7 Rh8 45. d8=Q+ Rxd8 46. Kxd8 Kc5 47. Ke7 1-0


[Site "https://www.chess.com"]

[Event "Titled Tuesday Blitz April 26 Late 2022"]
[White "Djokic, Mihailo"]
[Black "Nozdrachev, Leonid"]
[WhiteFideId "976440"]
[BlackFideId "24113433"]
[WhiteElo "2202"]
[BlackElo "2242"]
[Result "0-1"]
[Round "05"]
[TimeControl "180+1"]
[Date "2022.04.26"]
[WhiteClock "0:00:01"]
[BlackClock "0:00:27"]

1. e4 d6 2. d4 Nf6 3. Nc3 e5 4. Nf3 Nbd7 5. Bc4 Be7 6. O-O O-O 7. Re1 c6 8. a4 Qc7 9. Ba2 Re8 10. Bg5 Nf8 11. Qd2 Ng6 12. Rad1 Bg4 13. Qe3 h6 14. Bxf6 Bxf6 15. dxe5 Nxe5 16. Nxe5 Bxe5 17. f3 Bh5 18. g4 Bg6 19. f4 Bxc3 20. Qxc3 Bxe4 21. Rd2 d5 22. Rf2 Rad8 23. h4 h5 24. gxh5 Rd6 25. Rg2 f5 26. Rg5 Rd7 27. Qg3 Qb6+ 28. Kh2 Qxb2 29. Bb3 Ree7 30. h6 Kh7 31. hxg7 Rxg7 32. h5 Bxc2 33. Bxc2 Qxc2+ 34. Kh3 Qb2 35. Re6 Qa1 36. Kh2 Qb2+ 37. Kh3 Qc1 38. Kh2 Qd2+ 39. Kh3 Qd1 40. Re1 Rxg5 41. fxg5 Qxh5+ 42. Kg2 Qg4 43. Rh1+ Kg6 44. Rh6+ Kxg5 45. Rh7 Rxh7 0-1


[Site "https://www.chess.com"]

[Event "Titled Tuesday Blitz April 26 Late 2022"]
[White "Donatti, Alvaro"]
[Black "Aigner, Michael"]
[WhiteFideId "3000303"]
[BlackFideId "2017288"]
[WhiteElo "2138"]
[BlackElo "2394"]
[Result "0-1"]
[Round "05"]
[TimeControl "180+1"]
[Date "2022.04.26"]
[WhiteClock "0:00:10"]
[BlackClock "0:00:15"]

1. e4 c5 2. Nf3 Nc6 3. d4 cxd4 4. Nxd4 g6 5. Nc3 Bg7 6. Be3 Nf6 7. Be2 O-O 8. Qd2 d5 9. exd5 Nxd5 10. Nxc6 bxc6 11. Bd4 e5 12. Bc5 Re8 13. O-O Be6 14. Ne4 Nf4 15. Bf3 Qxd2 16. Nxd2 Bd5 17. Be4 f5 18. Bxd5+ cxd5 19. c3 Nd3 20. Ba3 Rab8 21. Nb3 e4 22. Rad1 f4 23. Rd2 g5 24. Nc5 Nxc5 25. Bxc5 Red8 26. Rfd1 h6 27. Bxa7 Ra8 28. Bc5 Rxa2 29. h3 Kf7 30. Rxd5 Rxd5 31. Rxd5 Rxb2 32. Rd7+ Kg6 33. Rd6+ Kf5 34. Bd4 Bxd4 35. cxd4 Rd2 36. Rxh6 Rxd4 37. Rh8 Rd1+ 38. Kh2 Rd2 39. Kg1 Rd1+ 40. Kh2 Rf1 41. g4+ fxg3+ 42. Kxg3 Ra1 43. h4 gxh4+ 44. Rxh4 Rg1+ 45. Kh2 Rg5 46. Rh8 Ke5 47. Rh3 Kd4 48. Rg3 Rh5+ 49. Rh3 Ra5 50. Kg2 Rf5 51. Ra3 Rg5+ 52. Rg3 Ra5 53. Ra3 Rxa3 0-1


[Site "https://www.chess.com"]

[Event "Titled Tuesday Blitz April 26 Late 2022"]
[White "Donchenko, Alexander"]
[Black "Xiong, Jeffery"]
[WhiteFideId "24603295"]
[BlackFideId "2047640"]
[WhiteElo "2539"]
[BlackElo "2727"]
[Result "1-0"]
[Round "05"]
[TimeControl "180+1"]
[Date "2022.04.26"]
[WhiteClock "0:00:16"]
[BlackClock "0:00:08"]

1. d4 d5 2. Nf3 e6 3. c4 dxc4 4. e3 a6 5. Bxc4 Nf6 6. O-O c5 7. Nc3 b5 8. Be2 Nc6 9. dxc5 Bxc5 10. Qxd8+ Nxd8 11. Nd2 Be7 12. Bf3 Rb8 13. a4 b4 14. Nce4 Bb7 15. Nxf6+ Bxf6 16. Ne4 Be7 17. b3 f5 18. Nd2 Bf6 19. Ra2 Bxf3 20. gxf3 Nb7 21. Bb2 Ke7 22. Rc1 Rhc8 23. Bxf6+ Kxf6 24. Rac2 Rd8 25. Kf1 Na5 26. Ke2 Rxd2+ 27. Rxd2 Nxb3 28. Rc6 Nxd2 29. Kxd2 a5 30. Rc5 Rd8+ 31. Kc1 Rd5 32. Rc7 h5 33. f4 h4 34. h3 Rd3 35. Rc5 Ra3 36. Rxa5 Ra2 37. Rb5 Rxa4 38. Kb2 g5 39. fxg5+ Kxg5 40. Rb6 Kf6 41. Rb5 e5 42. Rb6+ Kg5 43. Rb5 e4 44. Rb8 Ra7 45. Rxb4 Rg7 46. Rb6 Rd7 47. Kc2 Ra7 48. Kb2 Rd7 49. Kc2 Rc7+ 50. Kd2 Ra7 51. Rb1 Ra2+ 52. Ke1 Ra5 53. Kf1 f4 54. exf4+ Kxf4 55. Kg2 Rg5+ 56. Kf1 Ra5 57. Rb3 Ra2 58. Rb8 Ra1+ 59. Kg2 Ra2 60. Rf8+ Ke5 61. Rh8 e3 62. Re8+ Kf4 63. Rxe3 Ra8 64. Rf3+ Ke4 65. Rf7 Rg8+ 66. Kf1 Ke5 67. Rh7 Kf5 68. Rxh4 Rb8 69. Kg2 Kg6 70. Rg4+ Kf7 71. Kg3 Rb3+ 72. f3 Rb5 73. h4 Rb1 74. Rg5 Rg1+ 75. Kf4 Rh1 76. Kg4 Rg1+ 77. Kf5 Rh1 78. Rg4 Ra1 79. Kf4 Kf6 80. Kg3 Rg1+ 81. Kh2 Rf1 82. Kg2 Ra1 83. h5 Ra2+ 84. Kg3 Ra1 85. h6 Rh1 86. Rh4 1-0


[Site "https://www.chess.com"]

[Event "Titled Tuesday Blitz April 26 Late 2022"]
[White "Drygalov, Andrey"]
[Black "Bluebaum, Matthias"]
[WhiteFideId "24171735"]
[BlackFideId "24651516"]
[WhiteElo "2540"]
[BlackElo "2550"]
[Result "1-0"]
[Round "05"]
[TimeControl "180+1"]
[Date "2022.04.26"]
[WhiteClock "0:00:51"]
[BlackClock "0:00:04"]

1. e4 c6 2. Nf3 d5 3. d3 dxe4 4. dxe4 Qxd1+ 5. Kxd1 Nf6 6. Nbd2 Bg4 7. Be2 e6 8. Ne1 Bxe2+ 9. Kxe2 g5 10. Nd3 Nbd7 11. f3 g4 12. Nc4 gxf3+ 13. gxf3 Rg8 14. Be3 b5 15. Nce5 Nxe5 16. Nxe5 Rg2+ 17. Bf2 Bc5 18. Raf1 Nh5 19. Nd3 Bxf2 20. Rxf2 Rg7 21. a4 Ke7 22. Ra1 a5 23. axb5 cxb5 24. Ke3 f6 25. Rd2 Rgg8 26. Nc5 Ra7 27. b4 Rc8 28. c3 e5 29. Rda2 a4 30. c4 bxc4 31. Rxa4 Rxa4 32. Rxa4 Rb8 33. Kd2 Nf4 34. Kc3 Ne2+ 35. Kxc4 Nd4 36. Ra7+ Kd6 37. Rd7+ Kc6 38. Rf7 Nb5 39. Rxf6+ Nd6+ 40. Kb3 Rg8 41. Nd3 Rg5 42. f4 exf4 43. e5 Kd5 44. Rxd6+ Ke4 45. e6 Rg8 46. e7 Re8 47. Nxf4 Kxf4 48. Re6 Kf5 49. Re1 Kf6 50. Kc4 h5 51. b5 Kf7 52. Kb4 h4 53. b6 h3 54. Kb5 Kg7 55. b7 Kh7 56. Kb6 Kh6 57. Ka7 Kh5 58. b8=Q Rxe7+ 59. Rxe7 Kg4 60. Qg3+ Kh5 61. Rh7# 1-0


[Site "https://www.chess.com"]

[Event "Titled Tuesday Blitz April 26 Late 2022"]
[White "Dudzinski, Pawel"]
[Black "Adewumi, Tanitoluwa"]
[WhiteFideId "1117890"]
[BlackFideId "30966396"]
[WhiteElo "2033"]
[BlackElo "2534"]
[Result "1-0"]
[Round "05"]
[TimeControl "180+1"]
[Date "2022.04.26"]
[WhiteClock "0:00:04"]
[BlackClock "0:00:04"]

1. e4 e5 2. Nc3 Nc6 3. g3 Bc5 4. Bg2 d6 5. Nge2 Nge7 6. Na4 h5 7. h3 h4 8. g4 Ng6 9. Nxc5 dxc5 10. d3 Be6 11. f4 exf4 12. Nxf4 Nxf4 13. Bxf4 Qf6 14. Bxc7 Qxb2 15. O-O Rc8 16. Bf4 O-O 17. Rf2 c4 18. Rb1 Qxa2 19. d4 Rfd8 20. d5 Ne7 21. Rxb7 Ng6 22. Bg5 Rd7 23. Rxd7 Bxd7 24. Qd4 Qa3 25. e5 Qc5 26. Be3 Qe7 27. e6 fxe6 28. d6 Qe8 29. Qxa7 e5 30. Bd5+ Kh7 31. Bf7 Qd8 32. Qb7 Nf4 33. Qe4+ Kh8 34. Bxf4 exf4 35. Qxf4 Rc5 36. Kh2 Bc6 37. Bg6 Qg8 38. Qf8 Re5 39. Qxg8+ Kxg8 40. Bf7+ Kf8 41. Bd5+ Rf5 42. Rxf5+ 1-0


[Site "https://www.chess.com"]

[Event "Titled Tuesday Blitz April 26 Late 2022"]
[White "Ezat, Mohamed"]
[Black "Needleman, Alejandro"]
[WhiteFideId "10600906"]
[BlackFideId "100730"]
[WhiteElo "2386"]
[BlackElo "2333"]
[Result "0-1"]
[Round "05"]
[TimeControl "180+1"]
[Date "2022.04.26"]
[WhiteClock "0:00:01"]
[BlackClock "0:00:41"]

1. d4 c5 2. d5 Nf6 3. c4 b5 4. cxb5 a6 5. Nc3 axb5 6. e4 Qa5 7. Bd2 b4 8. e5 bxc3 9. Bxc3 Qa4 10. Qxa4 Rxa4 11. exf6 gxf6 12. Ne2 d6 13. Ng3 Nd7 14. Be2 Bb7 15. Bb5 Ra7 16. O-O-O Rg8 17. f4 Kd8 18. Kb1 Nb6 19. Nf5 Bxd5 20. Rhe1 Bxa2+ 21. Kc2 Rxg2+ 22. Rd2 Rxd2+ 23. Kxd2 Nd5 24. Rg1 Nxc3 25. Kxc3 e6 26. Rg8 exf5 27. Rxf8+ Kc7 28. Rh8 d5 29. Rxh7 d4+ 30. Kd2 Kd6 31. Rh6 Ke7 32. Rh8 Rb7 33. Bd3 Rxb2+ 34. Kc1 Rf2 35. Rc8 Kd6 36. h4 Rxf4 37. h5 Rh4 38. Rh8 Ke5 39. h6 c4 40. Be2 d3 41. Bf3 Kf4 42. Bd5 c3 43. Bc6 Bb3 44. Rd8 d2+ 0-1


[Site "https://www.chess.com"]

[Event "Titled Tuesday Blitz April 26 Late 2022"]
[White "February, Jesse Nikki"]
[Black "Vidonyak, Roman"]
[WhiteFideId "14312336"]
[BlackFideId "14100622"]
[WhiteElo "1824"]
[BlackElo "2388"]
[Result "0-1"]
[Round "05"]
[TimeControl "180+1"]
[Date "2022.04.26"]
[WhiteClock "0:00:03"]
[BlackClock "0:00:32"]

1. e4 c5 2. Nf3 d6 3. d4 cxd4 4. Nxd4 Nf6 5. Nc3 a6 6. a4 e5 7. Nde2 Be7 8. g3 Nc6 9. Bg2 Be6 10. O-O O-O 11. h3 Nb4 12. Nd5 Nbxd5 13. exd5 Bf5 14. Be3 Rc8 15. Rc1 Qa5 16. b3 h6 17. c4 b5 18. axb5 axb5 19. Ra1 Qb4 20. Bd2 Qc5 21. Be3 Qc7 22. cxb5 Bc2 23. Qd2 Bxb3 24. b6 Qb8 25. Rfc1 Rxc1+ 26. Rxc1 Bd8 27. Nc3 Bxb6 28. Qb2 Bxe3 29. fxe3 Bc4 30. Qd2 Rc8 31. Ne4 Nxe4 32. Bxe4 Bb3 33. Bf5 Rc7 34. Rxc7 Qxc7 35. Qb2 Bxd5 36. e4 Bb7 37. Qd2 g6 38. Qxh6 gxf5 39. Qg5+ Kf8 40. exf5 Qc5+ 41. Kf1 Qc4+ 42. Ke1 Qc3+ 43. Kd1 Bf3# 0-1


[Site "https://www.chess.com"]

[Event "Titled Tuesday Blitz April 26 Late 2022"]
[White "Fedoseev, Vladimir"]
[Black "Khanin, Semen"]
[WhiteFideId "24130737"]
[BlackFideId "4111990"]
[WhiteElo "2726"]
[BlackElo "2442"]
[Result "1-0"]
[Round "05"]
[TimeControl "180+1"]
[Date "2022.04.26"]
[WhiteClock "0:00:50"]
[BlackClock "0:00:01"]

1. d4 Nf6 2. Nf3 d5 3. c4 e6 4. e3 c5 5. cxd5 exd5 6. Bb5+ Nc6 7. Ne5 Qb6 8. Qa4 Bd7 9. Nxd7 Nxd7 10. Nc3 Nf6 11. O-O Be7 12. e4 a6 13. e5 Nd7 14. Nxd5 Qd8 15. Bxc6 bxc6 16. Qxc6 O-O 17. e6 Nf6 18. exf7+ Rxf7 19. Nxe7+ Rxe7 20. dxc5 Rc7 21. Qe6+ Kh8 22. Be3 Rac8 23. Rad1 Qf8 24. Qxa6 Rc6 25. Qc4 Qe8 26. b4 Qg6 27. b5 R6c7 28. c6 Ng4 29. Bf4 Rf7 30. Bg3 h5 31. h3 Nh6 32. c7 Kh7 33. Rd8 1-0


[Site "https://www.chess.com"]

[Event "Titled Tuesday Blitz April 26 Late 2022"]
[White "Ferreira, Vitor Hugo Vieira"]
[Black "Kosteniuk, Alexandra"]
[WhiteFideId "2119765"]
[BlackFideId "4128125"]
[WhiteElo "2165"]
[BlackElo "2469"]
[Result "1/2-1/2"]
[Round "05"]
[TimeControl "180+1"]
[Date "2022.04.26"]
[WhiteClock "0:00:18"]
[BlackClock "0:00:15"]

1. d4 Nf6 2. c4 e6 3. Nf3 c5 4. g3 d5 5. Bg2 cxd4 6. cxd5 Qxd5 7. Qxd4 Nc6 8. Qxd5 exd5 9. O-O Bf5 10. Nc3 Bb4 11. Nb5 O-O 12. a3 Be7 13. Bf4 Rac8 14. Rac1 Rfd8 15. Rfd1 Be4 16. Ne5 Bxg2 17. Kxg2 g5 18. Nxc6 bxc6 19. Nxa7 gxf4 20. Nxc6 Bd6 21. Nd4 fxg3 22. hxg3 Be5 23. Nc6 Rxc6 24. Rxc6 Bxb2 25. a4 Ne4 26. Rb1 Bd4 27. e3 Bc3 28. Rb7 Bd2 29. Rcc7 Nd6 30. Ra7 Rb8 31. a5 Rb2 32. a6 Bxe3 33. Ra8+ Kg7 34. a7 Rxf2+ 35. Kh3 Bxa7 36. Rcxa7 Ne4 37. Rd7 Rf3 38. Rxd5 Rxg3+ 39. Kh2 Rg6 40. Ra7 Nf6 41. Rb5 Ng4+ 42. Kg3 Ne3+ 43. Kf3 Nc4 44. Rbb7 Nd6 45. Rd7 h5 46. Ra5 h4 47. Rh5 Ne8 48. Rxh4 Nf6 49. Rdd4 Nh7 50. Rhg4 Ng5+ 51. Kg2 Ne6 52. Rxg6+ Kxg6 53. Rg4+ Kf5 54. Ra4 f6 55. Ra5+ 1/2-1/2


[Site "https://www.chess.com"]

[Event "Titled Tuesday Blitz April 26 Late 2022"]
[White "Fishbein, Alexander"]
[Black "Alinasab, Mobina"]
[WhiteFideId "2000377"]
[BlackFideId "12528897"]
[WhiteElo "2442"]
[BlackElo "2031"]
[Result "0-1"]
[Round "05"]
[TimeControl "180+1"]
[Date "2022.04.26"]
[WhiteClock "0:00:01"]
[BlackClock "0:00:09"]

1. e4 c5 2. Nf3 d6 3. d4 cxd4 4. Nxd4 Nf6 5. Nc3 a6 6. Be2 e5 7. Nb3 Be7 8. O-O O-O 9. Qd3 Be6 10. Bd2 Nbd7 11. Nd5 Bxd5 12. exd5 b5 13. a4 bxa4 14. Rxa4 Nb6 15. Rxa6 Nbxd5 16. Rxa8 Qxa8 17. Bf3 Rb8 18. Ra1 Qb7 19. Ra5 Nb4 20. Bxb7 Nxd3 21. Rb5 Nxb2 22. Na5 Na4 23. Nc6 Re8 24. Bb4 Nc5 25. Bxc5 dxc5 26. Nxe7+ Rxe7 27. Rxc5 g6 28. Ba6 Kg7 29. g3 Ne4 30. Rc6 f5 31. Bd3 Nf6 32. Bc4 e4 33. Bb3 Ng4 34. Kg2 Rd7 35. h3 Ne5 36. Re6 Nf3 37. h4 Rd1 38. Re7+ Kf6 39. Rf7+ Ke5 40. Rxh7 Rg1+ 41. Kh3 Ne1 42. Kh2 Rg2+ 43. Kh3 Rxf2 44. Re7+ Kd4 45. Re6 Nf3 46. g4 f4 47. g5 Ne5 48. Rd6+ Ke3 49. Re6 Nf3 50. Rxg6 Ng1+ 51. Kg4 Rg2+ 52. Kf5 f3 53. h5 f2 54. Bc4 Ne2 55. h6 f1=Q+ 56. Ke6 Nf4+ 57. Ke7 Qxc4 58. Rf6 Qc5+ 0-1


[Site "https://www.chess.com"]

[Event "Titled Tuesday Blitz April 26 Late 2022"]
[White "Gnechko, Ruslan"]
[Black "Janaszak, Dawid"]
[WhiteFideId "14135868"]
[BlackFideId "1119206"]
[WhiteElo "2289"]
[BlackElo "2199"]
[Result "0-1"]
[Round "05"]
[TimeControl "180+1"]
[Date "2022.04.26"]
[WhiteClock "0:00:02"]
[BlackClock "0:00:25"]

1. d4 Nf6 2. c4 g6 3. Nc3 Bg7 4. e4 d6 5. Nge2 O-O 6. Ng3 h5 7. Bg5 c5 8. d5 b6 9. Be2 Nbd7 10. h3 a6 11. Qd2 b5 12. cxb5 axb5 13. Bxb5 Ba6 14. O-O Qb6 15. a4 Ne5 16. Rfe1 Rfb8 17. f4 Nc4 18. Qc1 Nh7 19. Bxe7 Bxb5 20. Nxb5 Nxb2 21. Bxd6 Nd3 22. Qc2 c4+ 23. Kh2 Nxe1 24. Rxe1 Rc8 25. e5 Qa5 26. Nc3 Nf8 27. f5 Qb6 28. fxg6 fxg6 29. Nge4 Qb3 30. Qf2 Nd7 31. Rf1 Rf8 32. Bxf8 Rxf8 33. Qe2 Bxe5+ 34. Kh1 Bxc3 35. Rxf8+ Nxf8 36. d6 Be5 37. g3 c3 38. d7 Nxd7 39. Qd3 Nf8 40. Ng5 Qb7+ 41. Kh2 Qb2+ 42. Kh1 Qa1+ 43. Kh2 Qa2+ 44. Kh1 c2 0-1


[Site "https://www.chess.com"]

[Event "Titled Tuesday Blitz April 26 Late 2022"]
[White "Golubev, Mikhail"]
[Black "Yedidia, Daniel"]
[WhiteFideId "14100983"]
[BlackFideId "30905907"]
[WhiteElo "2374"]
[BlackElo "2599"]
[Result "1-0"]
[Round "05"]
[TimeControl "180+1"]
[Date "2022.04.26"]
[WhiteClock "0:00:17"]
[BlackClock "0:00:13"]

1. e4 e5 2. Nf3 Nc6 3. Bb5 a6 4. Ba4 Nf6 5. O-O Be7 6. Re1 b5 7. Bb3 O-O 8. a4 b4 9. d3 d6 10. Nbd2 Be6 11. Bxe6 fxe6 12. Nc4 h6 13. c3 a5 14. Bd2 Qe8 15. cxb4 axb4 16. h3 Qg6 17. Nh2 Rab8 18. a5 Nd4 19. Be3 b3 20. Bxd4 exd4 21. e5 Nd5 22. exd6 cxd6 23. Qg4 Qxg4 24. Nxg4 e5 25. Ngxe5 Bh4 26. Nf3 Bf6 27. a6 Nb4 28. a7 Ra8 29. Nb6 Nc2 30. Ra4 Nxe1 31. Nxe1 Rfe8 32. Nf3 Kf7 33. Nxa8 Rxa8 34. Nxd4 Bxd4 35. Rxd4 Rxa7 36. Rb4 Ra1+ 37. Kh2 Rf1 38. f3 Ke6 39. Rxb3 Kd5 40. Rb4 Rd1 41. Rb7 Rxd3 42. Rxg7 Kc4 43. Rg6 d5 44. Rxh6 d4 45. Rc6+ Kb5 46. Rc8 Rb3 47. h4 d3 48. h5 Rb4 49. Rd8 Kc4 50. h6 Rb5 51. Kg3 Rh5 52. Rd6 Kc5 53. Rxd3 Rxh6 54. Re3 Kd4 55. Re4+ Kd5 56. b4 Rb6 57. Kf2 Ra6 58. Kg3 Ra2 59. Kh3 Ra1 60. g3 Rg1 61. Kg4 Rb1 62. Kf4 Rh1 63. Kg4 Rd1 64. Rf4 Rd3 65. b5 Kc5 66. Rf5+ Kb6 67. f4 Rd7 68. Kh4 Rh7+ 69. Kg4 Rg7+ 70. Kf3 Rh7 71. g4 Rh1 72. g5 1-0


[Site "https://www.chess.com"]